[Event "Early-Titled-Tuesday-Blitz-April-16-2024"]
[Site "Chess.com"]
[Date "2024.04.16"]
[Round "11"]
[White "Grossboss19"]
[Black "bubeliang"]
[Result "1/2-1/2"]
[WhiteElo "2616"]
[BlackElo "2757"]
[TimeControl "180+1"]
[EndTime "10:15:31 PDT"]
[Termination "Game drawn by 50-move rule"]

1. d4 d5 2. c4 e6 3. Nc3 Nf6 4. Bg5 dxc4 5. e3 Be7 6. Bxc4 a6 7. a4 b6 8. Nf3 Bb7 9. O-O O-O 10. Qe2 Ne4 11.
Bxe7 Qxe7 12. Nxe4 Bxe4 13. Rac1 Nd7 14. Nd2 Bb7 15. Nb3 Rfc8 16. Rfd1 c5 17. d5 exd5 18. Bxd5 Bxd5 19. Rxd5 Nf6 20. Rdd1 h6 21. h3 Qe6 22. Nd2 Rab8 23. Qxa6 Nd5 24. Qc4 Nc7 25. Qxe6 Nxe6 26. Nc4 Rc7 27. Na3 Re7 28. Rd6 g6 29. Rcd1 Rbb7 30.
Nb5 Kg7 31. Rc6 Nc7 32. Rdd6 Nxb5 33. axb5 Ra7 34. Rxb6 Ra1+ 35. Kh2 Ra2 36. Rd2 Ra5 37. Rc2 Re4 38. Rxc5 Rb4 39. Rc2 Ra1 40. Rb7 Ra8 41. b6 Ra5 42. g4 h5 43. Kg3 hxg4 44. hxg4 Ra8 45. f3 Rb3 46. e4 g5 47. Rc5 Kg6 48. Rc6+ Kg7 49. Rd7 Rxb2 50. Rcc7 Raa2 51. Rxf7+ Kg6 52. Rg7+ Kh6 53. Rh7+ Kg6 54. Rcg7+ Kf6 55.
e5+ Ke6 56. Rh6+ Kd5 57. Rxg5 Rg2+ 58. Kf4 Ra4+ 59. Kf5 Rf2 60. Rh3 Rb2 61. Rg6 Rbb4 62.
Rd6+ Kc5 63. Ke6 Rf4 64. g5 Ra8 65. b7 Re8+ 66. Kd7 Rg8 67. Re6 Rb4 68. Rc6+ Kd5 69. Rd6+ Kxe5 70. f4+ Kf5 71. Kc6 Rb1 72. Rd5+ Kxf4 73.
Rb5 Rc1+ 74. Rc5 Rb1 75. Rh4+ Kg3 76. Rhc4 Rg6+ 77. Kc7 Rg7+ 78. Kd6 Rgxb7 79. Ke6 R1b6+ 80. Kf5 Rf7+ 81. Ke5 Re7+ 82. Kd4 Rg7 83. Re5 Kg4 84. Kd5+ Kh5 85. g6+ Kxg6 86. Rg4+ Kf7 87. Re7+ Kxe7 88. Rxg7+ Kf6 89. Rc7 Rb5+ 90. Rc5 Rb1 91. Rc6+ Ke7 92.
Rc8 Rd1+ 93. Ke4 Ra1 94. Kf3 Kd7 95. Rh8 Ke6 96. Rh2 Kf5 97. Rh5+ Kg6 98. Rc5 Ra3+ 99.
Ke4 Kf6 100. Kd4 Ra4+ 101. Kc3 Ra1 102. Kb3 Ke6 103. Rh5 Rb1+ 104. Kc2 Rg1 105. Kd3 Kf6 106. Rb5 Kg6 107. Kc4 Rg4+ 108. Kd3 Kf6 109. Kc3 Ke6 110. Ra5 Rg3+ 111. Kb4 Kd7 112. Kc4 Kc8 113. Rh5 Kb7 114. Kd5 Ra3 115. Kc4 Ka8 116. Kb4 Rf3 117. Rh8+ Kb7 118. Kc5 Rf5+ 119. Kd6 Rf1 120. Rh7+ Kb6 121. Rh5 Rd1+ 122. Rd5 Rh1 123. Rd2 Rh8 124. Rb2+ Ka5 125. Kc5 Ka4 126. Rb7 Rc8+ 127. Kb6 Kb4 128. Rh7 Kc4 129. Rh1 Kd5 130. Rd1+ Ke4 131. Re1+ Kd3 132. Rd1+ Ke2 133. Rd7 Rb8+ 134. Kc6 Rh8 135. Kd6 Ke3 136. Re7+ Kd4 137. Rg7 Rh6+ 138. Kc7 1/2-1/2